 Dungeon Crawl Stone Soup version 0.21-a0-41-g5e91fef (webtiles) character file.

322 roguesci the Chiller (level 6, 0/50 HPs)
             Began as a Draconian Ice Elementalist on June 4, 2017.
             Slain by seren's ghost (8 damage)
             ... on level 4 of the Dungeon.
             The game lasted 00:11:39 (4038 turns).

roguesci the Chiller (Draconian Ice Elementalist)   Turns: 4038, Time: 00:11:40

Health: 0/50       AC: 14    Str: 15    XL:     6   Next: 22%
Magic:  10/10      EV: 11    Int: 17    God:
Gold:   144        SH:  3    Dex: 12    Spells: 7/11 levels left

rFire    . . .     SeeInvis .   r - +1 flail (holy)
rCold    . . .     Gourm    .   o - +0 buckler
rNeg     . . .     Faith    .   (armour unavailable)
rPois    .         Spirit   .   (helmet restricted)
rElec    .         Reflect  .   (no cloak)
rCorr    .         Harm     .   (no gloves)
MR       .....                  (no boots)
Stlth    +.........             (no amulet)
Regen    0.2/turn               l - +5 ring of strength
MPRegen  0.2/turn               p - +3 ring of protection

@: icy armour, heavily drained, slow
A: unfitting armour, cold-blooded, AC +6
a: no special abilities


You were on level 4 of the Dungeon.
You were not hungry.

You visited 1 branch of the dungeon, and saw 4 of its levels.

You collected 144 gold pieces.

Inventory:

Hand Weapons
 r - a +1 flail of holy wrath (weapon)
 u - a +2 dagger of speed
Missiles
 g - 83 stones (quivered)
Armour
 o - a +0 buckler (worn)
Jewellery
 l - a +5 ring of strength (left hand)
 p - a +3 ring of protection (right hand)
Scrolls
 d - 2 scrolls of remove curse
 e - 5 scrolls of identify {unknown}
 i - a scroll of magic mapping {unknown}
 j - a scroll of enchant armour {unknown}
 m - 2 scrolls of fog {unknown}
 s - a scroll of teleportation {unknown}
Potions
 c - 2 potions of curing
 f - 2 potions of mutation {unknown}
 k - 3 potions of might {unknown}
 q - a potion of flight {unknown}
Books
 a - a book of Frost

   Spells                             Type                      Level
   a - Freeze                         Ice                          1
   b - Throw Frost                    Conjuration/Ice              2
   c - Ozocubu's Armour               Charms/Ice                   3
   d - Throw Icicle                   Conjuration/Ice              4
   e - Summon Ice Beast               Ice/Summoning                4
Comestibles
 b - 3 bread rations
 h - a royal jelly
 t - a fruit


   Skills:
 * Level 2.7(1.1) Fighting
 * Level 2.9(1.3) Dodging
 + Level 2.5(0.9) Stealth
 * Level 2.3(0.7) Shields
 + Level 3.0(1.4) Spellcasting
   Level 1.0(0.0) Conjurations
 + Level 1.4(0.0) Charms
 + Level 3.5(1.9) Ice Magic


You had 7 spell levels left.
You knew the following spells:

 Your Spells              Type           Power        Failure   Level  Hunger
a - Freeze                Ice            #...         14%         1    ##.....
b - Ozocubu's Armour      Chrm/Ice       #.......     52%         3    ####...


Dungeon Overview and Level Annotations

Branches:
Dungeon (4/15)
 Temple: D:4-7

Altars:
Gozag
Makhleb
Okawaru
Sif Muna
Trog
Xom
Yredelemnul
Zin

Annotations:
D:4 seren's ghost, amateur MiBe


Innate Abilities, Weirdness & Mutations

Your plain brown scales are hard. (AC +6)
You cannot fit into any form of body armour.
You are cold-blooded and may be slowed by cold attacks.


Message History

Seren's ghost mumbles, "They all look like pillowcases to me..."
Seren's ghost hits you but does no damage.
You hit seren's ghost but do no damage.
Seren's ghost is severely damaged.
Seren's ghost completely misses you.
You hit seren's ghost but do no damage.
Your tail-slap misses seren's ghost.
Seren's ghost is severely damaged.
Seren's ghost barely misses you. x2
You barely miss seren's ghost.
Seren's ghost is severely damaged.
Seren's ghost closely misses you.
You closely miss seren's ghost.
Your tail-slap misses seren's ghost.
Seren's ghost is severely damaged.
Seren's ghost hits you. Seren's ghost barely misses you.
You hit seren's ghost.
Seren's ghost convulses.
Seren's ghost is severely damaged.
Seren's ghost hits you!
* * * LOW HITPOINT WARNING * * *
Magic restored.
Seren's ghost hits you!
You die...

#.# .. #.##.
## .......
#.#.#.# #
#.#.#.#
#.###.#...#
#.........###
#....@......#
####>.W.....#
#........#
#.##...### #.
#...# #.
#..## .. ...#
#. ##$# .#


You could see seren's ghost.

Vanquished Creatures
  A scorpion (D:3)
  A howler monkey (D:4)
  A centaur skeleton (D:4)
  An orc priest (D:3)
  An orc wizard (D:3)
  Terence (D:3)
  5 adders (D:3)
  An ooze (D:2)
  An adder skeleton (D:4)
  2 worms
  3 leopard geckos
  6 orcs (D:3)
  3 bats
  A giant cockroach (D:3)
  6 goblins
  5 hobgoblins
  8 jackals
  A quokka (D:2)
  3 ball pythons
  5 frilled lizards
  3 kobolds
  4 rats
63 creatures vanquished.

Notes
Turn   | Place    | Note
-------+----------+-------------------------------------------
     0 | D:1      | roguesci the Draconian Ice Elementalist began the quest for the Orb.
     0 | D:1      | Reached XP level 1. HP: 14/14 MP: 3/3
    93 | D:1      | Reached XP level 2. HP: 9/20 MP: 0/5
   546 | D:1      | Reached skill level 1 in Fighting
   904 | D:2      | Found a burning altar of Makhleb.
   905 | D:2      | Noticed a green death
   938 | D:2      | Found a deep blue altar of Sif Muna.
   938 | D:2      | Found an iron altar of Okawaru.
   938 | D:2      | Found a basalt altar of Yredelemnul.
  1222 | D:2      | Found a white marble altar of Elyvilon.
  1224 | D:2      | Found a shimmering altar of Xom.
  1224 | D:2      | Found a shimmering altar of Xom.
  1226 | D:2      | Found a glowing silver altar of Zin.
  1226 | D:2      | Found a bloodstained altar of Trog.
  1226 | D:2      | Found a glowing silver altar of Zin.
  1423 | D:2      | Reached XP level 3. HP: 28/28 MP: 6/6
  1428 | D:2      | Learned a level 3 spell: Ozocubu's Armour
  2158 | D:3      | Found an opulent altar of Gozag.
  2277 | D:3      | Reached XP level 4. HP: 30/36 MP: 4/8
  2316 | D:3      | Reached skill level 1 in Shields
  2745 | D:3      | Reached XP level 5. HP: 41/41 MP: 5/9
  2786 | D:3      | Noticed Terence
  2800 | D:3      | Killed Terence
  2800 | D:3      | Reached skill level 1 in Charms
  3031 | D:4      | Noticed seren's ghost (amateur MiBe)
  3729 | D:3      | Reached XP level 6. HP: 50/50 MP: 0/10
  4038 | D:4      | Slain by seren's ghost

Vault maps used:
D:1:      minmay_arrival_five_plusses
D:2:      makhleb_altar_promises_db, gammafunk_temple_overflow_forgotten,
          nrook_loot_triangle, corexii_shack, doesnt_xom_only_xom
D:3:      nicolae_gozag_cash_rules_everything_around_me, uniq_terence
D:4:      first_bread, dk_vineyard_2, uniq_eustachio, uniq_menkaure,
          uniq_sigmund

Skill      XL: |  1  2  3  4  5 |
---------------+----------------+-----
Dodging        | 2 |  2.9
Fighting       | 1 2 |  2.7
Stealth        | 2 |  2.5
Shields        | 1 2 |  2.3
Charms         | 1 |  1.4
Spellcasting   | 3 |  3.0
Conjurations   | |  1.0
Ice Magic      | |  3.5

Action                   |  1- 3 |  4- 6 || total
-------------------------+-------+-------++-------
Melee: Unarmed           |    88 |    49 ||   137
       Tailslap          |     9 |     8 ||    17
       Flail             |       |    51 ||    51
Throw: Stone             |    23 |    12 ||    35
 Cast: Freeze            |    52 |    54 ||   106
       Ozocubu's Armour  |       |     7 ||     7
  Use: Scroll            |       |     1 ||     1
       Potion            |       |     1 ||     1
 Stab: Sleeping          |     2 |     2 ||     4
  Eat: Chunk             |     5 |     5 ||    10
       Fruit             |       |     3 ||     3
Armor: Skin              |    34 |    72 ||   106
Dodge: Dodged            |   101 |    93 ||   194
Block: Buckler           |     2 |    26 ||    28
